 Dungeon Crawl Stone Soup version 0.31-a0-656-gb4d89c20fa (webtiles) character file.

Game seed: 11640233457943723645

6 spiderkeys the Ruffian (level 1, 0/13 HPs)
             Began as an Octopode Shapeshifter on Aug 30, 2023.
             Slain by a gnoll
             ... wielding a +0 spear
              (8 damage)
             ... on level 1 of the Dungeon.
             The game lasted 00:00:24 (197 turns).

spiderkeys the Ruffian (Octopode Shapeshifter)       Turns: 197, Time: 00:00:25

Health: 0/13       AC:  1    Str: 13    XL:     1   Next: 90%
Magic:  1/1        EV: 13    Int: 12    God:
Gold:   39         SH:  0    Dex: 11    Spells: 0/0 levels left

rFire   . .          .
                       - Unarmed
rCold   . . .        (no shield)
rNeg    . . .        (helmet currently unavailable)
rPois   .            (no amulet)
rElec   .            (no ring)
rCorr   .            (no ring)
SInv    .            (no ring)
Will    .....        (no ring)
Stlth   ++           (no ring)
HPRegen 0.22/turn    (no ring)
MPRegen 0.07/turn    (no ring)
                     (no ring)

%: no passive effects
@: beast-form
A: beast (slay +1), almost no armour, amphibious, 8 rings, camouflage 1,
gelatinous body 1, (nimble swimmer 1), tentacles
a: Begin Untransformation


You were on level 1 of the Dungeon.
You were a hulking beast.
You visited 1 branch of the dungeon, and saw 1 of its levels.

You collected 39 gold pieces.


Innate Abilities, Weirdness & Mutations

You are a hulking beast.
Your limbs bulge with bestial killing power. (Slay +1)
You cannot wear most types of armour.
You are amphibious.
You can wear up to eight rings at the same time.
Your skin changes colour to match your surroundings (Stealth+).
Your rubbery body absorbs attacks. (AC +1, EV +1)
((You are camouflaged when in or above water. (Stealth+)))
You have tentacles for arms and can constrict up to eight enemies at once.


   Skills:
 + Level 1.2 Fighting
 + Level 2.1 Dodging
 + Level 3.1 Unarmed Combat
 + Level 3.0 Shapeshifting


You couldn't memorise any spells.
You didn't know any spells.
Your spell library contained the following spells:

 Spells                   Type           Power      Damage    Failure   Level
 Cigotuvi's Dreadful Rot  Necr/Pois/Air  0%         N/A       45%         2
 Ignite Poison            Fire/Tmut/Pois 0%         N/A       69%         3
 Freezing Cloud           Conj/Ice/Air   0%         6-21      100%        5

Inventory:

Missiles
 d - 5 boomerangs
Talismans
 b - a beast talisman (active)
 c - a flux talisman
Potions
 a - a potion of lignification {!q}

Dungeon Overview and Level Annotations

Branches:
Dungeon (1/15) Zot: 5802

Altars:

#.##....#.####.####
#.#...†.#[#........
#.#.....#....##....
#.#.....###........
#.#.....# ##..#....
#.#.....# #..#....
#######.#.....##
#..#..[.
#.......#......#
#.......
#.......hg####.#
##.## ...♣♣♣♣♣♣...#
.# .. ♣..# ♣..#
♣... ♣.## .# #


You could see a gnoll.


Message History

There is a stone staircase leading down here.
A rat comes into view.
You see here 5 boomerangs.
A rat is nearby!
The helpless rat fails to defend itself.
You bludgeon the rat!
You kill the rat!
No target in view!
d - 5 boomerangs Key pressed, stopping explore.
You see here a dragon-blood talisman.
You now have 6 gold pieces.
You open the door.
There is an open door here.
Found a stone staircase leading down.
A rat comes into view.
A rat is nearby!
A rat is nearby!
There is a stone staircase leading down here.
The rat misses you.
You bludgeon the rat!
You kill the rat!
No target in view!
No target in view!
No target in view!
You now have 15 gold pieces (gained 9).
A bat comes into view.
You see here 8 gold pieces.
A bat is nearby!
You closely miss the bat. You grab the bat.
You constrict the bat, but do no damage.
The bat hits you.
The bat struggles to escape constriction.
The bat escapes! 😕 HP[-1]
You take 1 damage, and now have 12/13 hp.
You tentacle-slap the bat but do no damage.
Your grab misses the bat. You tentacle-slap the bat.
The bat hits you but does no damage. The bat closely misses you.
The bat barely misses you. The bat hits you.
You tentacle-slap the bat.
You kill the bat!
No target in view!
No target in view!
No target in view!
No target in view!
No target in view!
No target in view!
You pick up a Trismegistus Codex and begin reading...
You add the spells Cigotuvi's Dreadful Rot, Ignite Poison and Freezing Cloud to your library. 😎 HP[+1]
Your hp is fully restored (13).
You now have 23 gold pieces (gained 8).
A goblin comes into view. It is wielding a +0 dagger.
You see here 16 gold pieces.
A goblin is nearby!
A goblin is nearby!
The goblin shouts!
You tentacle-slap the goblin. You grab the goblin. You squeeze the goblin.
You kill the goblin!
No target in view!
No target in view!
No target in view!
No target in view!
You now have 39 gold pieces (gained 16).
A rat comes into view.
A rat is nearby!
A rat is nearby!
A frilled lizard comes into view.
The helpless frilled lizard fails to defend itself.
You tentacle-slap the frilled lizard.
You kill the frilled lizard!
The helpless rat fails to defend itself.
You tentacle-slap the rat.
You kill the rat!
No target in view!
No target in view!
You see here a +0 scale mail.
A bat comes into view.
A bat is nearby!
A bat is nearby!
The bat misses you. The bat completely misses you.
You tentacle-slap the bat.
You kill the bat!
No target in view!
No target in view!
No target in view!
Key pressed, stopping explore.
A gnoll comes into view. It is wielding a +0 spear.
The gnoll moves out of view.
The gnoll hits you with a +0 spear. 😮 HP[-5]
You take 5 damage, and now have 8/13 hp.
MASSIVE DAMAGE!! (PAUSE)
You barely miss the gnoll. Your grab misses the gnoll.
The gnoll hits you with a +0 spear!
Ouch! That really hurt!
You die...

Action                     || total
---------------------------++-------
  Melee: Unarmed           ||    10
         Constrict         ||     2
         Punch             ||     1
         Tentacles         ||     1
   Stab: Sleeping          ||     3
 Armour: Skin              ||     1
  Dodge: Dodged            ||     5

Levels and vault maps discovered:
D:1:      minmay_arrival_three_doors, layout_basic,
          dilly_ecumenical_altar_fadedgnrine, serial_shops,
          nicolae_shop_tiny_statue_garden, grunt_decor_cap

Notes
Turn   | Place    | Note
-------+----------+-------------------------------------------
     0 | D:1      | spiderkeys the Octopode Shapeshifter began the quest for
                  | the Orb.
     0 | D:1      | Reached XP level 1. HP: 13/13 MP: 1/1
     0 | D:1      | magus.rc [v1.11.6]
   121 | D:1      | You add the spells Cigotuvi's Dreadful Rot, Ignite Poison
                  | and Freezing Cloud to your library.
   197 | D:1      | Slain by a gnoll

Vanquished Creatures
  A goblin (D:1)
  2 bats (D:1)
  A frilled lizard (D:1)
  3 rats (D:1)
7 creatures vanquished.

Table legend:
 A = Non-vault XP
 B = Vault XP
 C = Vault XP percentage of total XP
 D = Non-vault monster count
 E = Vault monster count
 F = Vault count percentage of total count
                 A         B        C        D         E       F
            +---------+---------+-------+---------+---------+-------
      Total |       9 |       0 |   0.0 |       7 |       0 |   0.0
            +---------+---------+-------+---------+---------+-------
        D:1 |       9 |       0 |   0.0 |       7 |       0 |   0.0
            +---------+---------+-------+---------+---------+-------

Action                     || total
---------------------------++-------
  Melee: Unarmed           ||    10
         Constrict         ||     2
         Punch             ||     1
         Tentacles         ||     1
   Stab: Sleeping          ||     3
 Armour: Skin              ||     1
  Dodge: Dodged            ||     5

Illustrated notes

Table legend:
 A = Kills in this place as a percentage of kills in the entire game.
 B = Kills by you in this place as a percentage of kills by you in the entire game.
 C = Kills by friends in this place as a percentage of kills by friends in the entire game.
 D = Other kills in this place as a percentage of other kills in the entire game.
 E = Experience gained in this place as a percentage of experience gained in the entire game.
 F = Experience gained in this place divided by the number of levels of this place that you have seen.
                   A       B       C       D       E      F
               +-------+-------+-------+-------+-------+----------------------
         Total | 100.0 | 100.0 |   N/A |   N/A | 100.0 |   9.0
       Dungeon | 100.0 | 100.0 |   N/A |   N/A | 100.0 |   9.0
               +-------+-------+-------+-------+-------+----------------------

Table legend: (Time is in decaauts)
 A = Elapsed time spent in this place.
 B = Non-inter-level travel time spent in this place.
 C = Inter-level travel time spent in this place.
 D = Time resting spent in this place.
 E = Time spent auto-exploring this place.
 F = Levels seen in this place.
 G = Mean time per level.
                   A        B        C        D        E       F      G
               +--------+--------+--------+--------+--------+-----+--------+
         Total |    196 |    196 |      0 |      0 |    152 |   1 |  196.0 |
       Dungeon |    196 |    196 |      0 |      0 |    152 |   1 |  196.0 |
               +--------+--------+--------+--------+--------+-----+--------+

Top non-repeatable levels by time:
     D:1: 196 daAuts
